 Dungeon Crawl Stone Soup version 0.21-a0-405-gf2af9a1 (webtiles) character file.

10224 Gorice the Grappler (level 11, 0/79 HPs)
             Began as a Demonspawn Wanderer on Oct 30, 2017.
             Was a Priest of Fedhas.
             Succumbed to Sonja's curare-tipped needle
             ... on level 11 of the Dungeon on Nov 1, 2017.
             The game lasted 01:17:49 (16627 turns).

Gorice the Grappler (Demonspawn Wanderer)          Turns: 16627, Time: 01:17:50

Health: 0/79       AC: 16    Str: 19    XL:     11   Next: 33%
Magic:  11/11      EV:  6    Int: 15    God:    Fedhas [***...]
Gold:   459        SH:  0    Dex: 12    Spells: 10/10 levels left

rFire    + . .     SeeInvis .     - Unarmed
rCold    . . .     Gourm    .   (no shield)
rNeg     . . .     Faith    .   P - +0 plate armour
rPois    +         Spirit   .   (no helmet)
rElec    .         Reflect  .   o - +1 cloak
rCorr    .         Harm     .   (gloves unavailable)
MR       .....                  (no boots)
Stlth    ..........             w - amulet of rage
HPRegen  0.23/turn              m - ring of poison resistance
MPRegen  0.12/turn              s - +4 ring of strength

@: lethally poisoned (0 -> -4), very slightly contaminated, slowed, very slow
A: claws 3, rugged brown scales 1, fire resistance 1, flame cloud immunity
a: Fungal Bloom, Evolution, Sunlight, Growth, Renounce Religion, Evoke Berserk
Rage


You were on level 11 of the Dungeon.
You worshipped Fedhas.
Fedhas was most pleased with you.
You were not hungry.

You visited 4 branches of the dungeon, and saw 14 of its levels.
You also visited: Sewer.

You collected 459 gold pieces.

Inventory:

Hand Weapons
 b - a +1 shortbow
 v - a +1 dagger of venom
   (You took it off a goblin on level 1 of the Dungeon)
 B - a +2 blowgun
Missiles
 d - 133 arrows
 h - 7 tomahawks (quivered)
 F - 11 poisoned needles
 Z - a throwing net
Armour
 o - a +1 cloak (worn)
 P - a +0 plate armour (worn)
 T - the +4 ring mail of the Lost Moons {Regen+, unknown}
   (You found it on level 10 of the Dungeon)

   It increases your rate of regeneration.
Jewellery
 f - an uncursed ring of protection from fire
 i - an uncursed ring of see invisible
 m - a ring of poison resistance (left claw)
 s - a +4 ring of strength (right claw)
 w - an amulet of rage (around neck)
Wands
 u - a wand of iceblast (9/15)
 E - a wand of clouds (0/9)
 K - a wand of lightning (0/15)
 R - a wand of flame (26/48)
 S - a wand of paralysis (7/24)
 V - a wand of flame (19/48)
Scrolls
 l - a scroll of magic mapping {!r}
 p - 3 scrolls of teleportation {!r}
 J - 3 scrolls of identify
Potions
 a - a potion of curing
 t - 2 potions of agility {!q}
 x - 4 potions of haste {!q}
 y - a potion of lignification {!q}
 H - a potion of ambrosia
Miscellaneous
 O - a fan of gales
Comestibles
 c - 2 chunks of flesh
 g - 10 bread rations {!e}


   Skills:
 - Level 4.0 Fighting
 - Level 1.9 Bows
 - Level 1.0 Throwing
 + Level 6.1 Armour
 - Level 1.0 Stealth
 * Level 14.4 Unarmed Combat
   Level 2.0 Summonings
   Level 1.0 Earth Magic
 + Level 0.3 Invocations


You had 10 spell levels left.
You didn't know any spells.

Dungeon Overview and Level Annotations

Branches:
Dungeon (11/15)            Temple (1/1) D:6            Lair (1/6) D:10
    Orc (1/2) D:9

Altars:
Ashenzari
Cheibriados
Dithmenos
Elyvilon
Fedhas
Gozag
Hepliaklqana
Kikubaaqudgha
Makhleb
Nemelex Xobeh
Okawaru
Qazlal
Ru
Sif Muna
Trog
Uskayaw
Vehumet
Wu Jian
Xom
Yredelemnul
Zin
The Shining One
Jiyva

Shops:
D:7 ?   D:9 [   D:10 =

Annotations:
D:3 DEFE's ghost, weakling DrTm
D:7 zodiak12's ghost, novice MiFi
D:11 Sonja
Lair:1 7hhydra wt!
Orc:1 Justine & orc sorc wt!, Josephine


Innate Abilities, Weirdness & Mutations

You have claws for hands.
You are partially covered in rugged brown scales. (AC +1, +3% HP)
Your flesh is heat resistant. (rF+)
You are immune to clouds of flame.


Message History

The acid dragon bites you. The acid dragon barely misses you.
Found a scroll of enchant armour.
Found a stone staircase leading down.
Damage: 1 (max 1)
You scratch the acid dragon but do no damage.
The acid dragon barely misses you.
The acid dragon claws you but does no damage.
You mangle the acid dragon!!
The acid dragon is almost dead.
You scratch the acid dragon.
The acid dragon is almost dead.
The acid dragon barely misses you.
The acid dragon claws you but does no damage.
You claw the acid dragon!
You kill the acid dragon!
Evoke which item? (* to show all) (? for menu, Esc to quit)
Aiming: Paralyse (will waste charges)
Press: ? - help, Shift-Dir - straight line, f - Sonja
Aim: Sonja, wielding a short sword of venom (chance to defeat MR: 54%)
Okay, then.
Sonja unwields an uncursed short sword of venom.
It stops dripping with poison.
Sonja wields an uncursed blowgun.
Sonja shoots a curare-tipped needle.
The curare-tipped needle hits you.
You are poisoned.
You have difficulty breathing.
You feel yourself slow down.
You see here a curare-tipped needle.
Damage: 5 (max 5)
You feel sick.
The two-headed ogre hits you with a giant club!
The two-headed ogre hits you with a giant spiked club!
* * * LOW HITPOINT WARNING * * *
Damage: 22 (max 22)
You feel sick.
Sonja gestures wildly while chanting.
Sonja blinks!
Damage: 1 (max 22)
You feel sick.
Sonja shoots a curare-tipped needle.
The curare-tipped needle hits you.
Sonja casts a spell.
Sonja blinks!
The two-headed ogre hits you with a giant club!
* * * LOW HITPOINT WARNING * * *
The two-headed ogre hits you with a giant spiked club!!
* * * LOW HITPOINT WARNING * * *
Damage: 36 (max 36) Blink to where?
Press: ? - help, Dir - move target cursor You are very lightly contaminated with residual magic.
As you read the scroll of blinking, it crumbles to dust.
You die...
Fedhas appreciates your contribution to the ecosystem.

##### ##<).##
##.....##
##.......#
##..<......#
##...........#
##@............#
##...............#
##.................
##................
##................
##........#.......
##........###.....
##ยง.........# ....
##O............ ...


There were no monsters in sight!

Vanquished Creatures
  5 two-headed ogres
  Pikel (D:5)
  The ghost of sagitran the Slasher, a novice DsGl (D:5)
  A wraith (D:9)
  A spriggan (D:8)
  A hungry ghost (D:8)
  An acid dragon (D:11)
  A water moccasin (D:9)
  2 porcupines (D:10)
  A soldier ant (D:10)
  Duvessa (D:6)
  A sky beast (D:8)
  3 orc warriors
  A slave (D:5)
  5 black bears (D:10)
  2 necrophages (D:9)
  An ice beast (D:9)
  8 ogres
  2 phantoms
  2 centaurs
  A big kobold (D:8)
  A gnoll sergeant (D:10)
  6 bullfrogs
  Dowan (D:6)
  A water moccasin skeleton (D:7)
  2 scorpions
  4 killer bees (D:8)
  7 wights
  3 howler monkeys
  2 crimson imps
  A quasit (D:10)
  2 jellies
  3 hounds
  2 human skeletons (D:9)
  4 human zombies (D:9)
  6 orc priests
  Crazy Yiuf (D:2)
  4 orc wizards
  2 centaur skeletons
  2 gnoll shamans (D:3)
  2 iguanas (D:9)
  6 worker ants
  2 hound skeletons
  A mummy (D:9)
  A worker ant zombie (D:9)
  A howler monkey zombie (D:8)
  11 adders
  54 gnolls
  2 shadow imps
  An ooze (D:2)
  An adder zombie (D:6)
  2 adder skeletons (D:4)
  2 worms
  2 dart slugs
  4 leopard geckos
  36 orcs
  8 ball pythons
  7 giant cockroaches
  19 goblins
  10 hobgoblins
  48 jackals
  19 kobolds
  2 quokkas
  6 bats
  7 frilled lizards
  A leopard gecko skeleton (D:4)
  An orc skeleton (D:9)
  An orc zombie (D:9)
  5 rats
358 creatures vanquished.

Vanquished Creatures (collateral kills)
  A killer bee (D:8)
1 creature vanquished.

Vanquished Creatures (others)
  A slave (D:5)
  3 orcs (D:5)
  A quokka (D:5)
  124 toadstools
129 creatures vanquished.

Grand Total: 488 creatures vanquished

Notes
Turn   | Place    | Note
-------+----------+-------------------------------------------
     0 | D:1      | Gorice the Demonspawn Wanderer began the quest for the Orb.
     0 | D:1      | Gorice set off with: 3 curare-tipped needles, a +2 blowgun, a +0 shortbow, 30 arrows, a potion of curing, a +0 robe, a bread ration {!e}
     0 | D:1      | Reached XP level 1. HP: 19/19 MP: 1/1
    87 | D:1      | Gained mutation: You have sharp fingernails. [demonic ancestry]
    87 | D:1      | Reached XP level 2. HP: 25/25 MP: 2/2
   316 | D:1      | Reached skill level 1 in Unarmed Combat
   560 | D:1      | Reached XP level 3. HP: 28/30 MP: 3/3
   764 | D:1      | Reached skill level 2 in Unarmed Combat
  1048 | D:2      | Found an iron altar of Okawaru.
  1106 | D:2      | Found a runed door.
  1200 | D:2      | Found a snail-covered altar of Cheibriados.
  1202 | D:2      | Found a hide-covered altar of Uskayaw.
  1244 | D:2      | Found a hazy altar of Hepliaklqana.
  1314 | D:2      | Found a faded altar of an unknown god.
  1511 | D:2      | Reached XP level 4. HP: 37/37 MP: 4/4
  1560 | D:2      | Found a stormy altar of Qazlal.
  1655 | D:2      | Noticed Crazy Yiuf
  1666 | D:2      | Killed Crazy Yiuf
  1666 | D:2      | Reached skill level 3 in Unarmed Combat
  1930 | D:3      | Gained mutation: You are partially covered in rugged brown scales. (AC +1, +3% HP) [demonic ancestry]
  1930 | D:3      | Reached XP level 5. HP: 32/43 MP: 5/5
  1939 | D:3      | HP: 12/43 [orc priest/divine providence (9)]
  1945 | D:3      | Reached skill level 4 in Unarmed Combat
  3018 | D:3      | Noticed DEFE's ghost (weakling DrTm)
  3110 | D:3      | Reached skill level 5 in Unarmed Combat
  3127 | D:3      | Reached XP level 6. HP: 31/49 MP: 6/6
  4130 | D:2      | HP: 10/49 [gnoll/halberd (10)]
  4393 | D:3      | Reached skill level 6 in Unarmed Combat
  4442 | D:3      | HP: 13/49 [gnoll/flail (7)]
  4982 | D:2      | Gained mutation: You have very sharp fingernails. [demonic ancestry]
  4982 | D:2      | Reached XP level 7. HP: 44/55 MP: 7/7
  5311 | D:3      | Reached skill level 7 in Unarmed Combat
  6198 | D:4      | Found a shimmering altar of Xom.
  6306 | D:3      | Reached skill level 8 in Unarmed Combat
  6467 | D:4      | Reached XP level 8. HP: 55/61 MP: 8/8
  6703 | D:4      | Found a blossoming altar of Fedhas.
  6716 | D:4      | Noticed an oklob plant
  6748 | D:4      | Became a worshipper of Fedhas Madash
  7108 | D:5      | Entered Level 5 of the Dungeon
  7137 | D:5      | Noticed sagitran's ghost (novice DsGl)
  7169 | D:4      | Reached skill level 9 in Unarmed Combat
  7422 | D:5      | Noticed Pikel
  7471 | D:5      | Killed Pikel
  7471 | D:5      | Reached skill level 10 in Unarmed Combat
  7804 | D:5      | Found a sacrificial altar of Ru.
  8104 | D:5      | Gained mutation: You have claws for hands. [demonic ancestry]
  8104 | D:5      | Reached XP level 9. HP: 63/66 MP: 9/9
  8285 | D:5      | Killed sagitran's ghost
  8653 | D:6      | Found an ornate altar of the Wu Jian Council.
  8857 | D:6      | Found a glowing drain.
  8861 | Sewer    | Entered a sewer
  8929 | Sewer    | Reached * piety under Fedhas
  9245 | Sewer    | Reached skill level 11 in Unarmed Combat
  9533 | D:6      | Found a staircase to the Ecumenical Temple.
  9821 | D:6      | Noticed Dowan
  9822 | D:6      | Noticed Duvessa
  9831 | D:6      | Killed Duvessa
  9839 | D:6      | Killed Dowan
 10514 | Temple   | Entered the Ecumenical Temple
 10714 | D:7      | Reached ** piety under Fedhas
 10792 | D:7      | Found Ozomut's Magic Scroll Shoppe.
 10876 | D:7      | Reached skill level 12 in Unarmed Combat
 10985 | D:7      | Reached skill level 1 in Armour
 11013 | D:7      | Noticed zodiak12's ghost (novice MiFi)
 12807 | D:8      | Reached skill level 2 in Armour
 12807 | D:8      | Gained mutation: Your flesh is heat resistant. (rF+) [demonic ancestry]
 12807 | D:8      | Reached XP level 10. HP: 59/73 MP: 10/10
 12834 | D:8      | Found a shattered altar of Ashenzari.
 13130 | D:8      | Noticed a two-headed ogre
 13138 | D:8      | Killed a two-headed ogre
 13138 | D:8      | Reached skill level 3 in Armour
 13554 | D:8      | Noticed a two-headed ogre
 13572 | D:8      | Killed a two-headed ogre
 13572 | D:8      | Reached skill level 13 in Unarmed Combat
 13686 | D:8      | Reached skill level 4 in Armour
 13799 | D:8      | Found a glowing golden altar of the Shining One.
 14017 | D:9      | Noticed a two-headed ogre
 14027 | D:9      | Killed a two-headed ogre
 14102 | D:9      | HP: 15/73 [ogre/giant spiked club (9)]
 14643 | D:9      | Found Mubiv's Antique Armour Shop.
 14675 | D:9      | Found a bloodstained altar of Trog.
 15015 | D:9      | Found a staircase to the Orcish Mines.
 15087 | D:9      | Found a white marble altar of Elyvilon.
 15209 | D:9      | Reached skill level 5 in Armour
 15213 | D:9      | Reached *** piety under Fedhas
 15272 | D:9      | Found a basalt altar of Yredelemnul.
 15455 | D:9      | Found an ancient bone altar of Kikubaaqudgha.
 15543 | Orc:1    | Entered Level 1 of the Orcish Mines
 15543 | Orc:1    | Noticed Josephine
 15543 | Orc:1    | Noticed an orc sorcerer
 15571 | D:10     | Entered Level 10 of the Dungeon
 15649 | D:10     | Noticed a two-headed ogre
 15691 | D:10     | Killed a two-headed ogre
 15691 | D:10     | Reached skill level 14 in Unarmed Combat
 15691 | D:10     | Gained mutation: You are immune to clouds of flame. [demonic ancestry]
 15691 | D:10     | Reached XP level 11. HP: 44/79 MP: 11/11
 15897 | D:10     | Found a staircase to the Lair.
 15963 | D:10     | Found Oruemmif's Jewellery Emporium.
 16083 | D:10     | Got an encrusted ring mail
 16245 | D:10     | Noticed a two-headed ogre
 16256 | D:10     | Killed a two-headed ogre
 16256 | D:10     | Reached skill level 6 in Armour
 16469 | D:10     | Upgraded the game from 0.21-a0-404-g291f19a to 0.21-a0-405-gf2af9a1
 16526 | Lair:1   | Entered Level 1 of the Lair of Beasts
 16554 | Lair:1   | Noticed a seven-headed hydra
 16605 | D:11     | Found an ancient bone altar of Kikubaaqudgha.
 16616 | D:11     | Noticed a two-headed ogre
 16617 | D:11     | Noticed Sonja
 16626 | D:11     | HP: 19/79 [two-headed ogre/giant club (17)]
 16626 | D:11     | HP: 1/79 [two-headed ogre/giant club (18)]
 16627 | D:11     | Succumbed to Sonja's curare-tipped needle

Vault maps used:
D:1:      lightli_arrival_statuegarden, minmay_strange_pillars, minmay_unequal
D:2:      lemuel_doored_altar, kennysheep_slug_shrine, lemuel_round_altar,
          lemuel_crystal_altar, chequers_ecumenical_altar_simple, serial_forest,
          infiniplex_forest_end_3, infiniplex_forest_straight_2,
          infiniplex_forest_clump_C, infiniplex_forest_end_2,
          infiniplex_forest_end_double, infiniplex_forest_end_3,
          infiniplex_forest_pool, infiniplex_forest_diagonal,
          infiniplex_forest_clump_curved, infiniplex_forest_clump_large,
          kennysheep_nondescript, nicolae_qazlal_eye_of_the_storm,
          uniq_crazy_yiuf_cottage
D:3:      lemuel_castle_with_subvaults
D:4:      kennysheep_spiral_hall, tgw_fedhas, xom_confusion_cloud
D:5:      nicolae_ru_the_path_less_chosen, first_bread, uniq_pikel
D:6:      overflow_temple_1_default, minmay_temple_entry_mist,
          gup_sewer_entry_bowl, minmay_misc_feat_columns, minmay_ogre_servants,
          uniq_duvessa
D:7:      serial_shops, nicolae_shop_waterfront
D:8:      nicolae_ashenzari_panopticon, tso_altar, the_bakery
D:9:      kennysheep_ying_yang, kennysheep_little_box,
          lemuel_mausoleum_altar_kikubaaqudgha, david_orc_2, serial_shops,
          nicolae_shop_overgrown_old_shop
D:10:     due_lair_maze_entry_diamond, serial_shops, nicolae_shop_trees
D:11:     basic_altar, lemuel_flamethrower_2, uniq_sonja
Temple:   pf_slimified_temple
Lair:1:   minmay_holes
Orc:1:    basic_altar, portal_ice_cave_entry_pillars_1, uniq_josephine
Sewer:    sewer_co_scattered_pipes

Skill      XL: |  1  2  3  4  5  6  7  8  9 10 11 |
---------------+----------------------------------+-----
Unarmed Combat | 1 2 3 5 6 8 10 12 14 | 14.4
Armour         | 2 5 6 |  6.1
Fighting       | |  4.0
Bows           | |  1.9
Throwing       | |  1.0
Stealth        | |  1.0
Summonings     | |  2.0
Earth Magic    | |  1.0
Invocations    | |  0.3

Action                   |  1- 3 |  4- 6 |  7- 9 | 10-12 || total
-------------------------+-------+-------+-------+-------++-------
Melee: Dagger            |   140 |   309 |   307 |       ||   756
       Unarmed           |     1 |       |   313 |   235 ||   549
       Punch             |       |     8 |    17 |    10 ||    35
 Fire: Shortbow          |    24 |    38 |   117 |   108 ||   287
       Blowgun           |       |     4 |     1 |     4 ||     9
Throw: Tomahawk          |       |     1 |       |       ||     1
Invok: Fungal Bloom      |       |       |    22 |    16 ||    38
Evoke: Wand              |       |       |     2 |     5 ||     7
  Use: Scroll            |       |     6 |    13 |     6 ||    25
       Potion            |       |     1 |       |       ||     1
  Eat: Chunk             |     2 |    10 |    25 |    13 ||    50
       Royal jelly       |       |       |     1 |       ||     1
Armor: Chain mail        |   127 |   182 |   326 |    42 ||   677
       Plate armour      |       |       |       |    76 ||    76
Dodge: Dodged            |    49 |    88 |   169 |    51 ||   357

Table legend:
 A = Spawn XP
 B = Non-spawn XP
 C = Spawn XP percentage of total XP
 D = Spawn monster count
 E = Non-spawn monster count
 F = Spawn count percentage of total count
 G = Total turns spent on level
                    A         B        C        D         E        F      G
               +---------+---------+-------+---------+---------+-------+---------
         Total |       0 |   14607 |   0.0 |       0 |     358 |   0.0 | 16627
               +---------+---------+-------+---------+---------+-------+---------
           D:1 |       0 |      66 |   0.0 |       0 |      38 |   0.0 |   960
           D:2 |       0 |     286 |   0.0 |       0 |      30 |   0.0 |  2900
           D:3 |       0 |    1036 |   0.0 |       0 |      79 |   0.0 |  2568
           D:4 |       0 |     564 |   0.0 |       0 |      22 |   0.0 |   858
           D:5 |       0 |    1145 |   0.0 |       0 |      13 |   0.0 |  1078
           D:6 |       0 |    1102 |   0.0 |       0 |      31 |   0.0 |  2343
           D:7 |       0 |     673 |   0.0 |       0 |      22 |   0.0 |  1175
           D:8 |       0 |    3288 |   0.0 |       0 |      35 |   0.0 |  2077
           D:9 |       0 |    2692 |   0.0 |       0 |      36 |   0.0 |   912
          D:10 |       0 |    3535 |   0.0 |       0 |      25 |   0.0 |   984
          D:11 |       0 |     157 |   0.0 |       0 |       3 |   0.0 |    38
         Sewer |       0 |      63 |   0.0 |       0 |      24 |   0.0 |   594
               +---------+---------+-------+---------+---------+-------+---------

Table legend:
 A = Turns spent in this place as a percentage of turns spent in the entire game.
 B = Non-inter-level travel turns spent in this place as a percentage of non-inter-level travel turns spent in the entire game.
 C = Inter-level travel turns spent in this place as a percentage of turns spent in this place.
 D = Turns resting spent in this place as a percentage of non-inter-level travel turns spent in this place.
 E = Turns spent auto-exploring this place as a percentage of non-inter-level travel turns spent in this place.
 F = Non-inter-level travel turns spent in this place divided by the number of levels of this place that you've seen.
                   A       B       C       D       E      F
               +-------+-------+-------+-------+-------+----------------------
         Total | 100.0 | 100.0 |   6.3 |  27.9 |  33.8 | 1038.3
       Dungeon |  95.6 |  95.4 |   6.5 |  29.2 |  32.3 | 1350.9
        Temple |   0.6 |   0.6 |  17.3 |   0.0 |  97.7 |  86.0
          Lair |   0.2 |   0.2 |   2.9 |   0.0 |   0.0 |  33.0
  Orcish Mines |   0.0 |   0.0 |   0.0 |   0.0 |   0.0 |   2.0
         Sewer |   3.6 |   3.8 |   0.0 |   0.0 |  64.5 | 594.0
               +-------+-------+-------+-------+-------+----------------------

Vault maps used:
D:1:      lightli_arrival_statuegarden, minmay_strange_pillars, minmay_unequal
D:2:      lemuel_doored_altar, kennysheep_slug_shrine, lemuel_round_altar,
          lemuel_crystal_altar, chequers_ecumenical_altar_simple, serial_forest,
          infiniplex_forest_end_3, infiniplex_forest_straight_2,
          infiniplex_forest_clump_C, infiniplex_forest_end_2,
          infiniplex_forest_end_double, infiniplex_forest_end_3,
          infiniplex_forest_pool, infiniplex_forest_diagonal,
          infiniplex_forest_clump_curved, infiniplex_forest_clump_large,
          kennysheep_nondescript, nicolae_qazlal_eye_of_the_storm,
          uniq_crazy_yiuf_cottage
D:3:      lemuel_castle_with_subvaults
D:4:      kennysheep_spiral_hall, tgw_fedhas, xom_confusion_cloud
D:5:      nicolae_ru_the_path_less_chosen, first_bread, uniq_pikel
D:6:      overflow_temple_1_default, minmay_temple_entry_mist,
          gup_sewer_entry_bowl, minmay_misc_feat_columns, minmay_ogre_servants,
          uniq_duvessa
D:7:      serial_shops, nicolae_shop_waterfront
D:8:      nicolae_ashenzari_panopticon, tso_altar, the_bakery
D:9:      kennysheep_ying_yang, kennysheep_little_box,
          lemuel_mausoleum_altar_kikubaaqudgha, david_orc_2, serial_shops,
          nicolae_shop_overgrown_old_shop
D:10:     due_lair_maze_entry_diamond, serial_shops, nicolae_shop_trees
D:11:     basic_altar, lemuel_flamethrower_2, uniq_sonja
Temple:   pf_slimified_temple
Lair:1:   minmay_holes
Orc:1:    basic_altar, portal_ice_cave_entry_pillars_1, uniq_josephine
Sewer:    sewer_co_scattered_pipes
